 Dungeon Crawl Stone Soup version 0.20.1-1-g8b1a95d (webtiles) character file.

26 rzd the Sneak (level 2, -6/13 HPs)
             Began as a Spriggan Enchanter on Sept 27, 2017.
             Mangled by a worm (10 damage)
             ... on level 2 of the Dungeon.
             The game lasted 00:07:01 (1301 turns).

rzd the Sneak (Spriggan Enchanter)                  Turns: 1301, Time: 00:07:02

Health: -6/13      AC:  3    Str:  4    XL:     2   Next: 89%
Magic:  6/7        EV: 18    Int: 16    God:
Gold:   92         SH:  0    Dex: 16    Spells: 6/7 levels left

rFire    . . .     SeeInvis +   a - +1 dagger
rCold    . . .     Gourm    .   (shield restricted)
rNeg     . . .     Faith    .   b - +0 robe
rPois    .         Spirit   .   (helmet restricted)
rElec    .         Reflect  .   k - +0 cloak
rCorr    .         Harm     .   (gloves unavailable)
MR       .....                  (boots unavailable)
Stlth    +++.......             (no amulet)
Regen    0.1/turn               (no ring)
MPRegen  0.1/turn               (no ring)

@: very quick
A: unfitting armour, see invisible, herbivore 3, speed 3, slow metabolism 2
a: no special abilities


You were on level 2 of the Dungeon.
You were not hungry.

You visited 1 branch of the dungeon, and saw 2 of its levels.

You collected 92 gold pieces.

Inventory:

Hand Weapons
 a - a +1 dagger (weapon)
Missiles
 g - 92 stones (quivered)
Armour
 b - a +0 robe (worn)
 k - a +0 cloak (worn)
Scrolls
 e - a scroll of recharging {unknown}
 h - a scroll of magic mapping {unknown}
 j - a scroll of fear {unknown}
 m - a scroll of random uselessness {unknown}
 n - 2 scrolls of identify {unknown}
Potions
 f - a potion of berserk rage {unknown}
 i - a potion of agility {unknown}
 l - a potion of magic {unknown}
Books
 c - a book of Maledictions

   Spells                             Type                      Level
   a - Corona                         Hexes                        1
   b - Ensorcelled Hibernation        Hexes/Ice                    2
   c - Confuse                        Hexes                        3
   d - Tukima's Dance                 Hexes                        3
   e - Dazzling Spray                 Conjuration/Hexes            3
 o - a book of Geomancy

   Spells                             Type                      Level
   a - Sandblast                      Earth                        1
   b - Passwall                       Transmutation/Earth          2
   c - Stone Arrow                    Conjuration/Earth            3
   d - Petrify                        Transmutation/Earth          4
   e - Lee's Rapid Deconstruction     Earth                        5
Comestibles
 d - a bread ration


   Skills:
 + Level 0.1 Fighting
 * Level 1.7 Short Blades
 + Level 3.3 Dodging
 + Level 4.6 Stealth
 + Level 3.1 Spellcasting
 + Level 4.1 Hexes


You had 6 spell levels left.
You knew the following spells:

 Your Spells              Type           Power        Failure   Level  Hunger
a - Corona                Hex            ###....      3%          1    #......


Dungeon Overview and Level Annotations

Branches:
Dungeon (2/15)

Altars:


Innate Abilities, Weirdness & Mutations

You are very small and have problems with some larger weapons.
You are too small for most types of armour.
You have supernaturally acute eyesight. (SInv)
You are a herbivore.
You cover ground extremely quickly.
You need consume almost no food.


Message History

The worm is moderately wounded.
You hit the worm.
The worm is moderately wounded.
The worm misses you.
You hit the worm but do no damage.
The worm is moderately wounded.
The worm misses you.
You hit the worm.
The worm is moderately wounded.
You hit the worm.
The worm is heavily wounded.
The worm bites you!
Ouch! That really hurt!
You hit the worm.
The worm is heavily wounded.
You hit the worm.
The worm is severely wounded.
The worm bites you!
Ouch! That really hurt!
You die...

####.##. .....#..
........ ## ).....w#
.### ......#####....
....##....# #..#..>#
#..w@..# ## #.####..##
.### #.......#
...##############.#
.......(...## #.#
...######...#####.#####
.### #.............# ##
#...#####.....## #####
#......#


You could see a worm.

Vanquished Creatures
  A giant cockroach (D:1)
  6 goblins
  2 hobgoblins (D:1)
  4 jackals (D:1)
  5 bats (D:1)
  4 frilled lizards (D:1)
  A rat (D:1)
23 creatures vanquished.

Notes
Turn   | Place    | Note
-------+----------+-------------------------------------------
     0 | D:1      | rzd the Spriggan Enchanter began the quest for the Orb.
     0 | D:1      | Reached XP level 1. HP: 9/9 MP: 5/5
   341 | D:1      | Reached XP level 2. HP: 13/13 MP: 4/6
  1301 | D:2      | Mangled by a worm

Skill      XL: |  1  2 |
---------------+-------+-----
Hexes          | 4 |  4.1
Spellcasting   | 3 |  3.1
Fighting       | |  0.1
Short Blades   | |  1.7
Dodging        | |  3.3
Stealth        | |  4.6

Action                   || total
-------------------------++-------
Melee: Dagger            ||   127
 Cast: Corona            ||    22
Armor: Robe              ||    15
Dodge: Dodged            ||   130
